 Dungeon Crawl Stone Soup version 0.24-a0-378-g94936e539c (webtiles) character file.

Game seed: 7261918522315938873

1236 Skan the Covert (level 8, -4/54 HPs)
             Began as an Octopode Assassin on June 1, 2019.
             Was a Follower of Okawaru.
             Slain by a killer bee (6 damage)
             ... on level 8 of the Dungeon.
             The game lasted 00:17:35 (8127 turns).

Skan the Covert (Octopode Assassin)                 Turns: 8127, Time: 00:17:36

Health: -4/54      AC:  1    Str: 12    XL:     8   Next: 49%
Magic:  7/8        EV: 15    Int: 14    God:    Okawaru [*.....]
Gold:   110        SH:  0    Dex: 15    Spells: 5/8 levels left

rFire    . . .     SeeInvis .   A - +2 rapier (holy)
rCold    . . .     Gourm    .   (no shield)
rNeg     . . .     Faith    .   (helmet restricted)
rPois    .         Spirit   .   (no amulet)
rElec    .         Reflect  .   i - +2 ring of strength
rCorr    .         Harm     .   z - ring of wizardry
MR       .....                  (no ring)
Stlth    +++++++...             (no ring)
HPRegen  0.18/turn              (no ring)
MPRegen  0.11/turn              (no ring)
                                (no ring)
                                (no ring)

@: lethally poisoned (-4 -> -25), about to teleport, very slightly contaminated,
invisible
A: almost no armour, stealthy swim, amphibious, 8 rings, constrict 8, camouflage
1, gelatinous body 1
a: Heroism, Renounce Religion


You were on level 8 of the Dungeon.
You worshipped Okawaru.
Okawaru was aware of your devotion.
You were not hungry.

You visited 2 branches of the dungeon, and saw 7 of its levels.

You collected 292 gold pieces.
You spent 182 gold pieces at shops.

Inventory:

Hand Weapons
 a - a +0 dagger of venom
 b - a +2 halberd of venom
 j - a +0 spear
 k - a +2 dagger
 y - a +1 whip of electrocution
 A - a +2 rapier of holy wrath (weapon)
Missiles
 c - a curare-tipped dart
 q - 2 boomerangs
 s - 4 poisoned darts (quivered)
Jewellery
 i - a +2 ring of strength (left tentacle)
 z - a ring of wizardry (right tentacle)
Wands
 o - a wand of disintegration (14)
Scrolls
 f - a scroll of remove curse
 g - a scroll of enchant weapon {unknown}
 l - a scroll of fog {unknown}
 m - a scroll of noise {unknown}
 p - 2 scrolls of teleportation
 r - a scroll of fear {unknown}
 t - 5 scrolls of identify
Potions
 e - a potion of invisibility
 h - a potion of haste
 n - 2 potions of agility
 u - 2 potions of berserk rage
 v - 2 potions of resistance {unknown}
 w - a potion of ambrosia {unknown}
 x - a potion of lignification {unknown}
Comestibles
 d - 3 rations


   Skills:
 * Level 3.8 Fighting
 * Level 4.4 Short Blades
 + Level 3.4 Throwing
 * Level 3.9 Dodging
 - Level 10.4 Stealth
 * Level 0.6 Spellcasting
 * Level 0.9 Hexes
 * Level 0.7 Summonings
 * Level 0.8 Translocations
 * Level 0.2 Invocations


You had 5 spell levels left.
You knew the following spells:

 Your Spells              Type           Power        Failure   Level  Hunger
a - Confusing Touch       Hex            #.....       8%          1    ##.....
b - Apportation           Tloc           #.....       9%          1    ##.....
c - Summon Small Mammal   Summ           #...         9%          1    ##.....

Your spell library contained the following spells:

 Spells                   Type           Power        Failure   Level  Hunger
 Animate Skeleton         Necr           N/A          12%         1    ##.....


Dungeon Overview and Level Annotations

Branches:
Dungeon (5/15)             Temple (1/1) D:5

Altars:
Dithmenos
Elyvilon
Nemelex Xobeh
Okawaru
Sif Muna
Yredelemnul

Shops:
D:8 (

Annotations:
D:3 exclusion: downstairs


Innate Abilities, Weirdness & Mutations

You cannot wear most types of armour.
You are very stealthy in the water. (Stealth+)
You are amphibious.
You can wear up to eight rings at the same time.
You can use your tentacles to constrict eight enemies at once.
Your skin changes colour to match your surroundings (Stealth+).
Your rubbery body absorbs attacks. (AC +1, EV +1)


Message History

You are more poisoned.
The killer bee poisons you! The killer bee stings you.
The killer bee closely misses you. x2; The killer bee stings you!
You are lethally poisoned!
The killer bee poisons you!
As you read the scroll of teleportation, it crumbles to dust.
You feel strangely unstable.
* * * LOW HITPOINT WARNING * * *
You feel sick. The killer bee barely misses you.
The killer bee closely misses you. The killer bee stings you!
* * * LOW HITPOINT WARNING * * *
The killer bee closely misses you. The killer bee barely misses you. x2
You fade into invisibility!
* * * LOW HITPOINT WARNING * * *
You feel sick. The killer bee stings you.
* * * LOW HITPOINT WARNING * * *
You are more poisoned.
The killer bee poisons you! The killer bee barely misses you.
The killer bee closely misses you. The killer bee stings you.
You die...

.......## ##.# #. ..
......y.....###..# #.. ..
.................## #...# #.
......#...........(####..#..###.
......#.....#####.......##......
#.......#..# ##≈≈≈.###.# #.....
#..........# #≈≈≈≈≈###.# #....
...........### #yy∩y..##.# ##...
.............###@y≈≈≈....## #...
..........##.....≈≈≈......# #...
....####.####..##....##...####.##
...# #..# #..###..#####..##..##
...## #..# #..# #..# ##......#
....###.## #.## ##..####..####..
.....#..# #.# #.......## #..
.......## #.# #.......# ##..
.y.....# #.# ..####..####...


You could see 4 killer bees.

Vanquished Creatures
  Sigmund (D:3)
  2 ogres
  A jelly (D:5)
  3 howler monkeys
  An orc priest (D:5)
  3 gnoll shamans (D:4)
  An orc wizard (D:4)
  A worker ant (D:8)
  40 gnolls
  6 adders
  2 adder skeletons (D:4)
  A worm (D:5)
  6 dart slugs
  3 leopard geckos (D:1)
  8 orcs
  3 ball pythons
  3 giant cockroaches
  9 goblins
  6 hobgoblins
  18 jackals
  8 kobolds
  A quokka (D:2)
  7 bats
  3 frilled lizards
  5 rats (D:1)
142 creatures vanquished.

Notes
Turn   | Place    | Note
-------+----------+-------------------------------------------
     0 | D:1      | Skan the Octopode Assassin began the quest for the Orb.
     0 | D:1      | Reached XP level 1. HP: 14/14 MP: 1/1
   227 | D:1      | Reached XP level 2. HP: 8/20 MP: 2/2
   694 | D:1      | Reached skill level 6 in Stealth
   791 | D:1      | Reached XP level 3. HP: 21/25 MP: 3/3
  1673 | D:2      | Reached XP level 4. HP: 30/30 MP: 4/4
  1691 | D:2      | Reached skill level 7 in Stealth
  2811 | D:3      | Noticed Sigmund
  2823 | D:3      | Killed Sigmund
  2823 | D:3      | Reached skill level 8 in Stealth
  2823 | D:3      | Reached XP level 5. HP: 24/36 MP: 5/5
  2823 | D:3      | Reached XP level 6. HP: 28/41 MP: 6/6
  3346 | D:3      | Found a deep blue altar of Sif Muna.
  3346 | D:3      | Found a sparkling altar of Nemelex Xobeh.
  3409 | D:3      | Found a white marble altar of Elyvilon.
  3563 | D:3      | Became a worshipper of Elyvilon the Healer
  3586 | D:3      | Reached skill level 9 in Stealth
  3615 | D:4      | Found an iron altar of Okawaru.
  3650 | D:4      | Fell from the grace of Elyvilon
  3650 | D:4      | Became a worshipper of Warmaster Okawaru
  4319 | D:4      | Reached XP level 7. HP: 46/46 MP: 7/7
  5295 | D:4      | Reached * piety under Okawaru
  5448 | D:4      | Reached skill level 10 in Stealth
  6153 | D:4      | Reached XP level 8. HP: 52/52 MP: 8/8
  6988 | D:4      | Noticed a red ugly thing
  7019 | D:5      | Entered Level 5 of the Dungeon
  7044 | D:5      | Learned a level 1 spell: Confusing Touch
  7046 | D:5      | Learned a level 1 spell: Apportation
  7048 | D:5      | Learned a level 1 spell: Summon Small Mammal
  7221 | D:5      | Found a staircase to the Ecumenical Temple.
  7763 | Temple   | Entered the Ecumenical Temple
  7857 | D:5      | You fall into a shaft and drop 3 floors!
  7889 | D:8      | Found Koroonett's Antique Weapon Boutique.
  7897 | D:8      | Bought a glowing rapier for 182 gold pieces
  8127 | D:8      | HP: 2/54 [killer bee (2)]
  8127 | D:8      | Slain by a killer bee

Levels and vault maps discovered:
D:1:      ebering_hopf_link, layout_loops_ring
D:2:      layout_basic, minivault_24
D:3:      layout_loops_corners, gammafunk_temple_overflow_elements,
          marbit_many_paths, minmay_curled_crystal, st_stairs_7,
          grunt_ministairs_15, uniq_sigmund
D:4:      lemuel_castle_with_subvaults [lemuel_castle_interior_original],
          layout_cave_pools, nicolae_overflow_hidden_temple, okawaru_gym_becter,
          serial_column_ruins, column_ruins_square_small,
          column_ruins_courtyard_long, column_ruins_grid_1,
          column_ruins_open_tiny_water, column_ruins_open_small,
          column_ruins_open_small, column_ruins_open_large,
          column_ruins_open_large, column_ruins_columns_plus
D:5:      layout_loops_corners, temple_pool_b, first_ration
D:8:      layout_layer_cave, lemuel_crystal_altar, serial_shops,
          nicolae_shop_waterfront, uniq_grum
Temple:   regret_index_temple_waves

Skill      XL: |  1  2  3  4  5  6  7 |
---------------+----------------------+-----
Stealth        | 6 8 9 10 | 10.4
Dodging        | 2 3 |  3.9
Short Blades   | 3 4 |  4.4
Fighting       | 3 |  3.8
Throwing       | 3 |  3.4
Spellcasting   | |  0.6
Hexes          | |  0.9
Summonings     | |  0.7
Translocations | |  0.8
Invocations    | |  0.2

Action                   |  1- 3 |  4- 6 |  7- 9 || total
-------------------------+-------+-------+-------++-------
Melee: Dagger            |    56 |    96 |   160 ||   312
       Constrict         |    13 |    23 |    45 ||    81
       Tentacles         |    10 |    23 |    40 ||    73
       Rapier            |       |       |    13 ||    13
Throw: Dart              |       |       |    67 ||    67
       Boomerang         |       |       |    30 ||    30
  Use: Scroll            |       |     5 |     2 ||     7
       Potion            |       |       |     1 ||     1
 Stab: Sleeping          |    14 |    13 |     4 ||    31
       Distracted        |     1 |       |     2 ||     3
  Eat: Chunk             |     2 |     8 |    10 ||    20
       Ration            |       |       |     1 ||     1
Armor: Skin              |     5 |     7 |     4 ||    16
Dodge: Dodged            |    25 |    76 |   100 ||   201

Table legend:
 A = Non-vault XP
 B = Vault XP
 C = Vault XP percentage of total XP
 D = Non-vault monster count
 E = Vault monster count
 F = Vault count percentage of total count
                 A         B        C        D         E       F
            +---------+---------+-------+---------+---------+-------
      Total |     695 |    1072 |  60.7 |      81 |      61 |  43.0
            +---------+---------+-------+---------+---------+-------
        D:1 |      53 |       0 |   0.0 |      22 |       0 |   0.0
        D:2 |      44 |       0 |   0.0 |      14 |       0 |   0.0
        D:3 |      72 |     267 |  78.8 |      25 |       7 |  21.9
        D:4 |     190 |     805 |  80.9 |      10 |      54 |  84.4
        D:5 |     234 |       0 |   0.0 |       7 |       0 |   0.0
        D:8 |     102 |       0 |   0.0 |       3 |       0 |   0.0
            +---------+---------+-------+---------+---------+-------
